 Dungeon Crawl Stone Soup version 0.28.0-43-g3370ac3207 (webtiles) character file.

Game seed: 5705622343139309419

29 experimilk the Grasshopper (level 3, 0/28 HPs)
             Began as a Palentonga Warper on Mar 19, 2022.
             Slain by a bat (1 damage)
             ... on level 2 of the Dungeon.
             The game lasted 00:05:24 (1634 turns).

experimilk the Grasshopper (Palentonga Warper)      Turns: 1634, Time: 00:05:25

Health: 0/28       AC:  4    Str: 15 (16) XL:     3   Next: 1%
Magic:  6/6        EV:  9    Int: 12 (13) God:
Gold:   42         SH:  0    Dex:  7 (9)  Spells: 1/6 levels left

rFire   . . .      SeeInvis +   f - +3 whip (elec)
rCold   . . .      Faith    .   (no shield)
rNeg    . . .      Spirit   .   b - +0 leather armour
rPois   .          Reflect  .   (no helmet)
rElec   .          Harm     .   (no cloak)
rCorr   .          Rampage  .   (no gloves)
Will    .....                   (no barding)
Stlth   +.........              (no amulet)
HPRegen 0.09/turn               (no ring)
MPRegen 0.10/turn               (no ring)

@: lethally poisoned (0 -> -5)
A: large, rugged brown scales 3, see invisible, deformed body, roll 1, armoured
tail
a: Rolling Charge


You were on level 2 of the Dungeon.
You visited 1 branch of the dungeon, and saw 2 of its levels.

You collected 42 gold pieces.

Inventory:

Hand Weapons
 a - a +0 hand axe
 f - a +3 whip of electrocution (weapon)
Missiles
 d - 5 boomerangs of dispersal (quivered)
Armour
 b - a +0 leather armour (worn)
Scrolls
 c - 2 scrolls of blinking
 g - a scroll of acquirement {unknown}
 h - a scroll of magic mapping {unknown}


   Skills:
 - Level 2.0 Fighting
 - Level 2.9(3.0) Axes
 + Level 0.5(1.9) Maces & Flails
 - Level 0.6 Throwing
 - Level 0.7 Armour
 - Level 1.5 Dodging
 - Level 2.0 Spellcasting
 + Level 3.4 Translocations


You had one spell level left.
You knew the following spells:

 Your Spells              Type           Power      Damage    Failure   Level
a - Blink                 Tloc           18%        N/A       12%         2
b - Gell's Gravitas       Tloc           9%         N/A       24%         3

Your spell library contained the following spells:

 Spells                   Type           Power      Damage    Failure   Level
 Lesser Beckoning         Tloc           9%         N/A       24%         3
 Teleport Other           Tloc           9%         N/A       24%         3
 Sublimation of Blood     Necr           1%         N/A       45%         2
 Wereblood                Tmut           1%         N/A       45%         2
 Manifold Assault         Tloc           9%         N/A       92%         5
 Summon Hydra             Summ           0%         N/A       100%        7


Dungeon Overview and Level Annotations

Branches:
Dungeon (2/15)

Altars:


Innate Abilities, Weirdness & Mutations

You are completely covered in rugged brown scales. (AC +3, +7% HP)
You have supernaturally acute eyesight. (SInv)
Armour fits poorly on your strangely shaped body.
You can roll at nearby foes to attack.
You have a long armoured tail.


Message History

You hit the adder.
The adder is moderately wounded.
You feel very sick. The adder bites you but does no damage.
You hit the adder. Your punch misses the adder.
The adder is severely wounded.
You feel sick. The adder bites you but does no damage.
You closely miss the adder.
The adder is severely wounded.
You feel sick. The adder barely misses you. The adder bites you.
You miss the adder.
The adder is severely wounded.
You feel sick. The adder barely misses you.
It was a potion of degeneration.
There was something very wrong with that liquid.
You feel weakened.
You feel dopey.
You feel clumsy.
You feel sick. The bat closely misses you. The bat misses you.
The adder barely misses you. The adder bites you.
* * * LOW HITPOINT WARNING * * *
You barely miss the adder.
The adder is severely wounded.
You feel sick. The bat hits you but does no damage. The bat misses you.
The adder bites you.
* * * LOW HITPOINT WARNING * * *
You barely miss the adder.
The adder is severely wounded.
You feel sick. The bat completely misses you. The adder bites you.
* * * LOW HITPOINT WARNING * * *
You are lethally poisoned!
The adder poisons you! The bat barely misses you.
You closely miss the adder.
The adder is severely wounded.
* * * LOW HITPOINT WARNING * * *
You feel sick. The bat closely misses you.
The adder bites you but does no damage. x2
You completely miss the adder.
The adder is severely wounded.
* * * LOW HITPOINT WARNING * * *
You feel sick. The bat hits you.
You die...

#. .# #. #.#
############.
#.#
#............
# #.#
#.###########
..######.# #.#
.........# #.#
.........###.#
......S@..##.#
......b.#....#
..........####
.........##
.........#
.........#
##########


You could see an adder and a bat.

Vanquished Creatures
  2 giant cockroaches
  A hobgoblin (D:1)
  A quokka (D:1)
  4 ball pythons (D:1)
  4 bats
  3 frilled lizards
  5 goblins (D:1)
  6 kobolds
  3 rats (D:1)
29 creatures vanquished.

Notes
Turn   | Place    | Note
-------+----------+-------------------------------------------
     0 | D:1      | experimilk the Palentonga Warper began the quest for the
                  | Orb.
     0 | D:1      | Reached XP level 1. HP: 17/17 MP: 3/3
   373 | D:1      | Reached XP level 2. HP: 17/23 MP: 5/5
   455 | D:1      | Learned a level 2 spell: Blink
  1185 | D:2      | Found the +7 pair of quick blades "Gyre" and "Gimble"
                  | {protect}
  1390 | D:2      | Reached XP level 3. HP: 28/28 MP: 6/6
  1494 | D:2      | Learned a level 3 spell: Gell's Gravitas
  1634 | D:2      | HP: 1/28 [poisoned by an adder]
  1634 | D:2      | Slain by a bat

Illustrated notes

Levels and vault maps discovered:
D:1:      dpeg_arrival_three_smaller_balls, layout_loops_ring, st_stairs_4,
          corexii_hall_statues_s
D:2:      layout_loops_ring

Action                   || total
-------------------------++-------
Melee: Hand axe          ||    64
       Whip              ||    21
       Tailslap          ||     5
       Punch             ||     1
 Abil: Rolling Charge    ||     9
  Use: Potion            ||     1
Armor: Leather armour    ||    39
Dodge: Dodged            ||    54
